 Dungeon Crawl Stone Soup version 0.31-a0-237-g2d982f9f85 (webtiles) character file.

Game seed: 7894525757484126975

3969 qw the Skirmisher (level 10, -2/80 (86) HPs)
             Began as a Minotaur Hexslinger on July 10, 2023.
             Was a Follower of Okawaru.
             Succumbed to a hornet's poison
             ... while paralysed by a hornet
             ... on level 7 of the Dungeon.
             The game lasted 00:03:07 (5858 turns).

qw the Skirmisher (Minotaur Hexslinger)             Turns: 5858, Time: 00:03:07

HP:   -2/80 (86)    AC: 13    Str: 12    XL:     10   Next: 2%
MP:   11/12         EV:  2    Int: 10    God:    Okawaru [*.....]
Gold: 77            SH:  0    Dex: 18    Spells: 10/11 levels left

rFire   + . .        Y - +0 orcbow
rCold   . . .        (shield currently unavailable)
rNeg    . . .        e - +2 ring mail {rF+}
rPois   .            (helmet restricted)
rElec   .            l - +2 cloak
rCorr   .            (no gloves)
SInv    +            k - +0 pair of boots
Will    .....        a - amulet of regeneration
Stlth   ++           c - ring of see invisible
HPRegen 1.13/turn    (no ring)
MPRegen 0.13/turn

%: no passive effects
@: paralysed, lethally poisoned (-2 -> -18), heroic, slowed, drained
A: horns 2, retaliatory headbutt
a: Renounce Religion, Heroism


You were on level 7 of the Dungeon.
You worshipped Okawaru.
Okawaru was aware of your devotion.
You visited 2 branches of the dungeon, and saw 9 of its levels.

You collected 423 gold pieces.
You spent 346 gold pieces at shops.


Innate Abilities, Weirdness & Mutations

You have a pair of horns on your head.
You reflexively headbutt those who attack you in melee.


   Skills:
 + Level 7.2(12.2) Fighting
 - Level 12.0(17.0) Ranged Weapons
 - Level 3.0(8.0) Armour
 - Level 5.7(10.7) Dodging
 - Level 1.0 Spellcasting
 - Level 2.0 Hexes
 - Level 4.6 Invocations


You had 10 spell levels left.
You knew the following spells:

 Your Spells              Type           Power      Damage    Failure   Level
a - Slow                  Hex            16%        N/A       30%         1

Your spell library contained the following spells:

 Spells                   Type           Power      Damage    Failure   Level
 Inner Flame              Hex/Fire       2%         N/A       80%         3
 Portal Projectile        Hex/Tloc       4%         N/A       80%         3
 Cause Fear               Hex            2%         N/A       96%         4

Inventory:

Hand Weapons
 Y - a +0 orcbow (weapon)
Armour
 e - a +2 ring mail of fire resistance (worn)
 k - a +0 pair of boots (worn)
 l - a +2 cloak (worn)
Jewellery
 a - an amulet of regeneration (around neck)
 c - a ring of see invisible (left hand)
Scrolls
 h - a scroll of identify
Potions
 b - 2 potions of haste
 d - 8 potions of curing
 f - 2 potions of enlightenment
 g - a potion of degeneration {unknown}
 i - a potion of heal wounds {unknown}
 j - a potion of resistance {unknown}
 m - 2 potions of cancellation
 n - a potion of might

Dungeon Overview and Level Annotations

Branches:
Dungeon (8/15)             Temple (1/1) D:5
   Lair: D:8-11

Altars:
Ashenzari
Dithmenos
Elyvilon
Gozag
Kikubaaqudgha
Makhleb
Okawaru
Qazlal
Sif Muna
Trog
Uskayaw
Vehumet
Wu Jian
Xom
Yredelemnul
Zin
The Shining One

Shops:
D:6 **!

Annotations:
D:1 exclusion: 2 gnolls
D:2 1 runed translucent door, Crazy Yiuf


Message History

You feel drained.
You shoot an arrow. The arrow closely misses the wight.
You feel sick. The hornet stings you.
You are more poisoned.
You feel as though you will be slow longer.
The wight closely misses you. The wight hits you but does no damage.
You shoot an arrow. The arrow closely misses the wight.
You feel very sick. The hornet barely misses you. The hornet misses you.
The wight misses you. You furiously retaliate!
You headbutt the wight, but do no damage.
The wight hits you but does no damage.
You shoot an arrow.
The arrow hits the wight but does no damage.
The wight is heavily damaged.
You feel sick.
The hornet stings you but does no damage.
The wight misses you. The wight hits you with a +2 scimitar!
You feel drained. The hornet completely misses you.
You shoot an arrow. The arrow hits the wight.
The wight is severely damaged.
You feel sick. The hornet closely misses you. You furiously retaliate!
You headbutt the hornet! The wight hits you but does no damage.
The wight hits you with a +2 scimitar!
You feel drained. The hornet stings you.
You are more poisoned.
You feel as though you will be slow longer.
You shoot an arrow. The arrow hits the wight!
You destroy the wight!
Okawaru accepts your kill.
You feel very sick. The hornet barely misses you. You furiously retaliate!
You headbutt the hornet. The wight closely misses you. The hornet stings you.
You are lethally poisoned!
You suddenly lose the ability to move!
The wight hits you with a +2 scimitar.
You feel very sick. The hornet stings you.
You are more poisoned.
You feel as though you will be slow longer.
The wight hits you but does no damage.
You die...

#...............###.##...........
#[(.....#######..............##..
#.##############.............##..
......####..................##...
............####<...........##.#.
.............###..[.......[.[#.#.
.......#####...#..........[>[....
.:........####..).......#####..#.
....#####...####@z......## #...<
###.#######....#.y.......# ##..#.
.......# ####.....##..#.###...#.
.......#### #.....####........###
......)...###.###.####........# #
#########/..#.##....#..#......###
..#########.#.##....#.##......#..
..........))..........##......#.#
................##..............#


You could see a hornet and a wight.

Vanquished Creatures
  A two-headed ogre (D:7)
  A cyclops (D:7)
  Grinder (D:3)
  Sigmund (D:5)
  A wyvern (D:5)
  A steam dragon (D:7)
  3 orc warriors
  2 ice beasts
  A black bear (D:6)
  3 ogres
  A centaur (D:7)
  A phantom (D:6)
  A bullfrog (D:7)
  A scorpion (D:6)
  10 wights (D:7)
  2 hounds
  3 orc priests
  5 jellies
  2 sleepcaps
  Terence (D:3)
  3 orc wizards
  3 iguanas
  A gnoll (D:1)
  6 adders
  A shadow imp (D:6)
  2 ufetubi (D:6)
  2 worms
  8 dart slugs
  37 orcs
  6 ball pythons
  7 bats
  3 endoplasms
  2 giant cockroaches
  7 goblins
  3 hobgoblins
  5 jackals
  3 kobolds
  3 quokkas
  4 frilled lizards
  5 rats
153 creatures vanquished.

Notes
Turn   | Place    | Note
-------+----------+-------------------------------------------
     0 | D:1      | qw the Minotaur Hexslinger began the quest for the Orb.
     0 | D:1      | Reached XP level 1. HP: 16/16 MP: 1/1
     0 | D:1      | 0 ||| qw: Version: 0.3-a-52-g30416fa
     0 | D:1      | 0 ||| qw: Game counter: 5169
     0 | D:1      | 0 ||| qw: Melee chars always use a shield: true
     0 | D:1      | 0 ||| qw: God list: Okawaru
     0 | D:1      | 0 ||| qw: Allow faded altars: false
     0 | D:1      | 0 ||| qw: Do Orc after clearing Dungeon:15 true
     0 | D:1      | 0 ||| qw: Do second Lair branch before Depths: true
     0 | D:1      | 0 ||| qw: Lair rune preference: random
     0 | D:1      | 0 ||| qw: Goals: Normal
     0 | D:1      | 0 ||| PLANNING D:1-11
   147 | D:1      | 147 ||| DROPPING scroll of poison.
   149 | D:1      | HP: 3/16 [gnoll/+0 spear (4)]
   159 | D:1      | Reached skill level 3 in Ranged Weapons
   159 | D:1      | Reached XP level 2. HP: 5/23 MP: 2/2
   430 | D:1      | Reached XP level 3. HP: 23/29 MP: 3/3
   750 | D:1      | Found a faded altar of an unknown god.
  1084 | D:1      | 1084 ||| UPGRADING to +0 cloak.
  1089 | D:1      | 1089 ||| READING scroll labelled UREH IWNOINLE.
  1092 | D:1      | 1092 ||| READING scroll labelled XOMOQO SETHRU.
  1093 | D:1      | 1093 ||| READING 2 scrolls labelled OMUGGO XIUQION.
  1094 | D:1      | 1094 ||| DRINKING 3 grey potions.
  1121 | D:2      | 1121 ||| STAIRDANCE
  1140 | D:2      | Reached skill level 4 in Ranged Weapons
  1351 | D:2      | Reached XP level 4. HP: 33/36 MP: 4/4
  1544 | D:2      | Found a runed translucent door.
  1545 | D:2      | Noticed Crazy Yiuf
  1596 | D:2      | 1596 ||| UPGRADING to +0 leather armour.
  1606 | D:2      | 1606 ||| DROPPING +0 robe.
  1607 | D:2      | 1607 ||| READING scroll labelled FEIVVY VAIPN.
  1608 | D:2      | 1608 ||| READING 2 scrolls of identify.
  1608 | D:2      | 1608 ||| IDENTIFYING emerald potion
  1609 | D:2      | 1609 ||| DROPPING potion of magic.
  1761 | D:3      | Reached skill level 5 in Ranged Weapons
  1767 | D:3      | 1767 ||| Stepping ~*~*~tactically~*~*~ (water).
  1781 | D:3      | Noticed Terence
  1787 | D:3      | Killed Terence
  1788 | D:3      | Reached skill level 3 in Fighting
  1852 | D:3      | Noticed an ogre
  1856 | D:3      | Killed an ogre
  1857 | D:3      | Reached XP level 5. HP: 20/45 MP: 5/5
  1975 | D:3      | Noticed Grinder
  1978 | D:3      | 1978 ||| FLEEEEING.
  1979 | D:3      | 1979 ||| FLEEEEING.
  1980 | D:3      | 1980 ||| FLEEEEING.
  1981 | D:3      | 1981 ||| FLEEEEING.
  1982 | D:3      | 1982 ||| FLEEEEING.
  1983 | D:3      | 1983 ||| FLEEEEING.
  1984 | D:3      | 1984 ||| FLEEEEING.
  1985 | D:3      | 1985 ||| FLEEEEING.
  1994 | D:3      | 1994 ||| FLEEEEING.
  1995 | D:3      | 1995 ||| FLEEEEING.
  1996 | D:3      | 1996 ||| FLEEEEING.
  1997 | D:3      | 1997 ||| FLEEEEING.
  1998 | D:3      | 1998 ||| FLEEEEING.
  2011 | D:3      | 2011 ||| FLEEEEING.
  2012 | D:3      | 2012 ||| FLEEEEING.
  2013 | D:3      | 2013 ||| FLEEEEING.
  2017 | D:3      | 2017 ||| FLEEEEING.
  2018 | D:3      | 2018 ||| FLEEEEING.
  2018 | D:3      | Paralysed by Grinder for 4 turns
  2025 | D:3      | 2025 ||| FLEEEEING.
  2026 | D:3      | 2026 ||| FLEEEEING.
  2027 | D:3      | 2027 ||| FLEEEEING.
  2033 | D:3      | 2033 ||| FLEEEEING.
  2034 | D:3      | 2034 ||| FLEEEEING.
  2035 | D:3      | 2035 ||| FLEEEEING.
  2036 | D:3      | 2036 ||| FLEEEEING.
  2037 | D:3      | 2037 ||| STAIRDANCE
  2080 | D:2      | 2080 ||| FLEEEEING.
  2081 | D:2      | 2081 ||| FLEEEEING.
  2083 | D:2      | 2083 ||| FLEEEEING.
  2088 | D:2      | 2088 ||| FLEEEEING.
  2090 | D:2      | 2090 ||| STAIRDANCE
  2142 | D:1      | 2142 ||| UPGRADING to +0 ring mail.
  2152 | D:1      | 2152 ||| DROPPING +0 leather armour.
  2153 | D:1      | 2153 ||| UPGRADING to +0 pair of boots.
  2158 | D:1      | 2158 ||| UPGRADING to amulet of regeneration.
  2168 | D:2      | 2168 ||| STAIRDANCE
  2178 | D:1      | Reached skill level 1 in Armour
  2194 | D:3      | Paralysed by Grinder for 5 turns
  2199 | D:3      | 2199 ||| FLEEEEING.
  2200 | D:3      | 2200 ||| STAIRDANCE
  2285 | D:3      | Killed Grinder
  2286 | D:3      | Reached skill level 7 in Ranged Weapons
  2286 | D:3      | Reached XP level 6. HP: 30/51 MP: 6/6
  2456 | D:3      | Found a shadowy altar of Dithmenos.
  2456 | D:3      | Noticed an orc warrior
  2462 | D:3      | HP: 11/51 [frozen (5)]
  2463 | D:3      | 2463 ||| READING 2 scrolls of teleportation.
  2465 | D:3      | HP: 4/51 [orc warrior/+0 long sword (5)]
  2740 | D:3      | Killed an orc warrior
  2741 | D:3      | Reached XP level 7. HP: 60/60 MP: 7/7
  2754 | D:3      | 2754 ||| SWAPPING to +0 orcbow.
  2755 | D:3      | 2755 ||| DROPPING +1 heavy sling.
  2770 | D:3      | Found a radiant altar of Vehumet.
  2966 | D:4      | Found a shimmering blue altar of Sif Muna.
  3138 | D:4      | Found a basalt altar of Yredelemnul.
  3309 | D:4      | Found a glowing silver altar of Zin.
  3309 | D:4      | Found a shimmering altar of Xom.
  3309 | D:4      | Noticed an angel
  3358 | D:4      | Found a glowing golden altar of the Shining One.
  3391 | D:4      | Found an ornate altar of the Wu Jian Council.
  3467 | D:4      | 3467 ||| UPGRADING to +2 cloak.
  3477 | D:4      | 3477 ||| DROPPING +0 cloak.
  3478 | D:4      | 3478 ||| READING 2 scrolls labelled JEKHI LEYRE.
  3479 | D:4      | 3479 ||| DRINKING 2 golden potions.
  3480 | D:4      | 3480 ||| READING 3 scrolls of identify.
  3480 | D:4      | 3480 ||| IDENTIFYING metallic red potion
  3481 | D:4      | 3481 ||| READING 2 scrolls of identify.
  3481 | D:4      | 3481 ||| IDENTIFYING murky black potion
  3482 | D:4      | 3482 ||| DROPPING scroll of amnesia.
  3497 | D:5      | Entered Level 5 of the Dungeon
  3524 | D:5      | 3524 ||| Stepping ~*~*~tactically~*~*~ (outnumbered).
  3526 | D:5      | 3526 ||| Stepping ~*~*~tactically~*~*~ (outnumbered).
  3545 | D:5      | Noticed Sigmund
  3546 | D:5      | 3546 ||| Stepping ~*~*~tactically~*~*~ (outnumbered).
  3550 | D:5      | 3550 ||| Stepping ~*~*~tactically~*~*~ (outnumbered).
  3564 | D:5      | Reached skill level 8 in Ranged Weapons
  3578 | D:5      | 3578 ||| DRINKING 3 potions of curing.
  3578 | D:5      | 3578 ||| (to cure confusion)
  3584 | D:5      | 3584 ||| DRINKING 2 potions of curing.
  3584 | D:5      | 3584 ||| (to cure confusion)
  3588 | D:5      | Killed Sigmund
  3589 | D:5      | Reached skill level 6 in Fighting
  3624 | D:5      | Found a staircase to the Ecumenical Temple.
  3625 | D:5      | 3625 ||| PLANNING TEMPLE
  3625 | D:5      | 3625 ||| UPGRADING to +2 ring mail of fire resistance.
  3635 | D:5      | 3635 ||| DROPPING +0 ring mail.
  3646 | Temple   | Entered the Ecumenical Temple
  3692 | Temple   | 3692 ||| PLANNING OKAWARU WORSHIP
  3759 | Temple   | Became a worshipper of Warmaster Okawaru
  3760 | Temple   | 3760 ||| PLANNING D:1-11
  3892 | D:5      | Noticed a wyvern
  3898 | D:5      | Killed a wyvern
  3899 | D:5      | Reached XP level 8. HP: 55/70 MP: 8/8
  3914 | D:5      | You fall into a shaft and drop 3 floors!
  3962 | D:8      | 3962 ||| READING 2 scrolls labelled ZEWALO DEIZID.
  4061 | D:8      | 4061 ||| DROPPING scroll of silence.
  4071 | D:7      | Reached skill level 9 in Ranged Weapons
  4077 | D:7      | Reached * piety under Okawaru
  4078 | D:7      | Reached skill level 3 in Dodging
  4078 | D:7      | 4078 ||| INVOKING Heroism.
  4079 | D:7      | HP: 15/63 [wight/+5 short sword (4)]
  4080 | D:7      | 4080 ||| READING 2 scrolls of teleportation.
  4080 | D:7      | HP: 5/60 [wight/+5 short sword (8)]
  4083 | D:7      | Noticed a cyclops
  4084 | D:7      | 4084 ||| READING scroll of teleportation.
  4149 | D:6      | 4149 ||| INVOKING Heroism.
  4150 | D:6      | 4150 ||| INVOKING Heroism.
  4157 | D:6      | Reached skill level 1 in Invocations
  4161 | D:6      | 4161 ||| INVOKING Heroism.
  4238 | D:6      | 4238 ||| FLEEEEING.
  4239 | D:6      | 4239 ||| FLEEEEING.
  4240 | D:6      | 4240 ||| FLEEEEING.
  4241 | D:6      | 4241 ||| FLEEEEING.
  4241 | D:6      | Found Gaczoh's Distillery.
  4242 | D:6      | 4242 ||| FLEEEEING.
  4243 | D:6      | 4243 ||| STAIRDANCE
  4296 | D:5      | Reached skill level 10 in Ranged Weapons
  4478 | D:5      | Reached skill level 3 in Armour
  4795 | D:5      | 4795 ||| DROPPING +1 cloak.
  4814 | D:6      | 4814 ||| INVOKING Heroism.
  4866 | D:6      | 4866 ||| BUYING potion of cancellation (88 gold).
  4866 | D:6      | Bought a potion of cancellation for 88 gold pieces
  4866 | D:6      | 4866 ||| BUYING potion of curing (33 gold).
  4866 | D:6      | Bought a potion of curing for 33 gold pieces
  4866 | D:6      | 4866 ||| BUYING potion of curing (33 gold).
  4866 | D:6      | Bought a potion of curing for 33 gold pieces
  4866 | D:6      | 4866 ||| BUYING potion of curing (33 gold).
  4866 | D:6      | Bought a potion of curing for 33 gold pieces
  4866 | D:6      | 4866 ||| BUYING potion of enlightenment (55 gold).
  4866 | D:6      | Bought a potion of enlightenment for 55 gold pieces
  4866 | D:6      | 4866 ||| SHOPLISTING potion of magic (88 gold, have 81).
  4866 | D:6      | 4866 ||| BUYING potion of might (44 gold).
  4866 | D:6      | Bought a potion of might for 44 gold pieces
  4866 | D:6      | 4866 ||| SHOPLISTING potion of resistance (110 gold, have
                  | 37).
  4875 | D:6      | Found Gimeted's Assorted Antiques.
  4878 | D:6      | 4878 ||| INVOKING Heroism.
  4879 | D:6      | 4879 ||| INVOKING Heroism.
  4905 | D:6      | 4905 ||| BUYING scroll labelled FAHUEV COCVIPT (21 gold).
  4905 | D:6      | Bought a scroll labelled FAHUEV COCVIPT for 21 gold pieces
  4905 | D:6      | 4905 ||| BUYING scroll labelled IDAQUO EKHOSK (21 gold).
  4905 | D:6      | Bought a scroll labelled IDAQUO EKHOSK for 21 gold pieces
  4905 | D:6      | 4905 ||| SHOPLISTING scroll labelled NIGE ZEPOIL (21 gold,
                  | have 19).
  4905 | D:6      | 4905 ||| BUYING silvery potion (18 gold).
  4905 | D:6      | Bought a silvery potion for 18 gold pieces
  4944 | D:6      | Reached XP level 9. HP: 74/79 MP: 9/9
  4998 | D:6      | Found Menu's General Store.
  5004 | D:6      | 5004 ||| SHOPLISTING 2 potions of enlightenment (140 gold,
                  | have 17).
  5004 | D:6      | 5004 ||| SHOPLISTING amulet of faith (560 gold, have 17).
  5004 | D:6      | 5004 ||| SHOPLISTING scroll of identify (28 gold, have 17).
  5004 | D:6      | 5004 ||| SHOPLISTING scroll of teleportation (42 gold, have
                  | 17).
  5083 | D:6      | 5083 ||| INVOKING Heroism.
  5214 | D:6      | 5214 ||| READING scroll labelled DIUHOSISIPO.
  5215 | D:6      | 5215 ||| READING scroll labelled FAHUEV COCVIPT.
  5216 | D:6      | 5216 ||| READING scroll labelled IDAQUO EKHOSK.
  5217 | D:6      | 5217 ||| DRINKING 2 silvery potions.
  5218 | D:6      | 5218 ||| DROPPING potion of brilliance.
  5304 | D:7      | 5304 ||| INVOKING Heroism.
  5321 | D:7      | Killed a cyclops
  5401 | D:7      | 5401 ||| INVOKING Heroism.
  5430 | D:7      | 5430 ||| INVOKING Heroism.
  5458 | D:7      | 5458 ||| INVOKING Heroism.
  5474 | D:7      | Reached skill level 11 in Ranged Weapons
  5477 | D:7      | Reached skill level 3 in Invocations
  5477 | D:7      | 5477 ||| INVOKING Heroism.
  5503 | D:7      | 5503 ||| FLEEEEING.
  5504 | D:7      | 5504 ||| FLEEEEING.
  5505 | D:7      | 5505 ||| FLEEEEING.
  5506 | D:7      | 5506 ||| FLEEEEING.
  5507 | D:7      | 5507 ||| FLEEEEING.
  5508 | D:7      | 5508 ||| FLEEEEING.
  5509 | D:7      | 5509 ||| FLEEEEING.
  5510 | D:7      | 5510 ||| FLEEEEING.
  5511 | D:7      | 5511 ||| FLEEEEING.
  5530 | D:7      | Noticed a two-headed ogre
  5531 | D:7      | 5531 ||| INVOKING Heroism.
  5545 | D:7      | Killed a two-headed ogre
  5621 | D:7      | 5621 ||| INVOKING Heroism.
  5628 | D:7      | Reached skill level 12 in Ranged Weapons
  5628 | D:7      | Reached XP level 10. HP: 86/86 MP: 9/12
  5816 | D:7      | 5816 ||| UPGRADING to ring of see invisible.
  5848 | D:8      | 5848 ||| STAIRDANCE
  5850 | D:7      | 5850 ||| INVOKING Heroism.
  5855 | D:7      | HP: 19/79 [hornet (6)]
  5856 | D:7      | Paralysed by a hornet for 3 turns
  5857 | D:7      | HP: 5/80 [poisoned by a hornet]
  5858 | D:7      | Succumbed to a hornet's poison

Levels and vault maps discovered:
D:1:      matt_arrival_spirals, layout_loops_ring,
          dreamdust_ecumenical_altar_hidden_monk_grotto, minmay_misc_feat_tower
D:2:      kennysheep_big_flooded_room, layout_rooms,
          dreamdust_princess_corridor, uniq_crazy_yiuf_cottage
D:3:      cheibrodos_helix_gallery, layout_basic,
          mainiacjoe_overflow_catwalk_spiral, minmay_checkerbox, uniq_grinder,
          uniq_terence
D:4:      layout_basic, grunt_temple_overflow_order_and_chaos_1,
          old_standard_altar, old_standard_altar,
          mainiacjoe_overflow_tiny_flanked, lemuel_crystal_altar
D:5:      layout_loops_ring, minmay_temple_entry_butterflies,
          grunt_decor_arrowhead, sigmund_army
D:6:      layout_rooms, serial_shops, shop, kennysheep_little_box, shop
D:7:      layout_rooms
D:8:      layout_rooms
Temple:   kb_temple_of_zot

Skill      XL: |  1  2  3  4  5  6  7  8  9 |
---------------+----------------------------+-----
Ranged Weapons | 3 4 5 7 8 10 12 | 12.0
Fighting       | 2 3 4 6 7 |  7.2
Armour         | 1 2 3 |  3.0
Dodging        | 3 5 |  5.7
Invocations    | 1 4 |  4.6
Spellcasting   | |  1.0
Hexes          | |  2.0

Action                     |  1- 3 |  4- 6 |  7- 9 | 10-12 || total
---------------------------+-------+-------+-------+-------++-------
   Fire: Sling             |    95 |   110 |     3 |       ||   208
         Orcbow            |       |       |   340 |     9 ||   349
 Invoke: Heroism           |       |       |    13 |     1 ||    14
    Use: Scroll            |     3 |     3 |     9 |       ||    15
         Potion            |     1 |       |     4 |       ||     5
 Armour: Robe              |    10 |     7 |       |       ||    17
         Leather armour    |       |     3 |       |       ||     3
         Ring mail         |       |    11 |    77 |     8 ||    96
  Dodge: Dodged            |    33 |    58 |   133 |    19 ||   243

Table legend:
 A = Non-vault XP
 B = Vault XP
 C = Vault XP percentage of total XP
 D = Non-vault monster count
 E = Vault monster count
 F = Vault count percentage of total count
                 A         B        C        D         E       F
            +---------+---------+-------+---------+---------+-------
      Total |    5010 |     660 |  11.6 |     136 |      17 |  11.1
            +---------+---------+-------+---------+---------+-------
        D:1 |      49 |      39 |  44.3 |      19 |       1 |   5.0
        D:2 |      64 |       2 |   3.0 |      19 |       1 |   5.0
        D:3 |     324 |     350 |  51.9 |      19 |       8 |  29.6
        D:4 |      29 |       0 |   0.0 |       7 |       0 |   0.0
        D:5 |     607 |     269 |  30.7 |      25 |       7 |  21.9
        D:6 |     893 |       0 |   0.0 |      16 |       0 |   0.0
        D:7 |    3002 |       0 |   0.0 |      30 |       0 |   0.0
        D:8 |      42 |       0 |   0.0 |       1 |       0 |   0.0
            +---------+---------+-------+---------+---------+-------
